 Dungeon Crawl Stone Soup version 0.20-a0-1114-g33edf32 (webtiles) character file.

357 Goblin1989 the Poker (level 6, -5/47 HPs)
             Began as a Demonspawn Monk on May 6, 2017.
             Killed from afar by an orc wizard (8 damage)
             ... with a magic dart
             ... on level 4 of the Dungeon.
             The game lasted 00:06:56 (3782 turns).

Goblin1989 the Poker (Demonspawn Monk)              Turns: 3782, Time: 00:06:56

Health: -5/47      AC:  2    Str: 13    XL:     6   Next: 37%
Magic:  6/6        EV: 13    Int: 12    God:
Gold:   141        SH:  0    Dex: 15    Spells: 5/5 levels left

rFire    . . .     SeeInvis .   b - +0 halberd
rCold    . . .     Gourm    .   (shield currently unavailable)
rNeg     . . .     Faith    .   m - +0 robe
rPois    .         Spirit   .   (helmet restricted)
rElec    .         Reflect  .   (no cloak)
rCorr    .         Harm     .   (no gloves)
MR       .....                  (no boots)
Stlth    +.........             (no amulet)
Regen    0.2/turn               (no ring)
MPRegen  0.1/turn               (no ring)

@: confused, lethally poisoned (-5 -> -9), flying
A: antennae 1, spiny 2
a: no special abilities


You were on level 4 of the Dungeon.
You were not hungry.

You visited 1 branch of the dungeon, and saw 4 of its levels.

You collected 141 gold pieces.

Inventory:

Hand Weapons
 a - a +0 spear
 b - a +0 halberd (weapon)
Armour
 m - a +0 robe (worn)
Scrolls
 d - 4 scrolls of remove curse {unknown}
 f - 2 scrolls of identify {unknown}
 h - a scroll of enchant weapon {unknown}
 i - 3 scrolls of fear {unknown}
 k - 2 scrolls of teleportation {unknown}
 n - a scroll of amnesia {unknown}
 o - a scroll of magic mapping {unknown}
 p - a scroll of random uselessness {unknown}
Potions
 c - a potion of degeneration {unknown}
 l - a potion of cancellation {unknown}
 r - a potion of haste {unknown}
 s - a potion of flight
Comestibles
 e - 2 bread rations {@e1}
 g - 4 fruits
 j - 4 royal jellies


   Skills:
 - Level 3.0 Fighting
 + Level 6.6 Polearms
 - Level 2.6 Dodging
 - Level 1.7 Stealth


You had 5 spell levels left.
You didn't know any spells.

Dungeon Overview and Level Annotations

Branches:
Dungeon (4/15)
 Temple: D:4-7

Altars:
Okawaru
Ru
Sif Muna
Uskayaw


Innate Abilities, Weirdness & Mutations

You have a pair of small antennae on your head.
You are mostly covered in sharp spines.


Message History

The worker ant twitches its antennae in your direction.
The jackal barks! x2
You hit the orc wizard.
The orc wizard is almost dead.
The orc wizard is struck by your spines.
You kill the orc wizard!
A howler monkey skeleton comes into view.
You closely miss the orc wizard.
The orc wizard points at you and mumbles some strange words.
The puff of flame hits you!
An orc and an orc wizard come into view.
You take 11 damage, and have 30/41 hp.
MASSIVE DAMAGE!!
You barely miss the orc wizard.
The orc moves out of view.
The orc priest miscasts a cantrip.
The orc wizard closely misses you.
The orc wizard shouts!
You slash the orc wizard!
The orc wizard is severely wounded.
The orc priest looks encouraged for a moment.
The orc wizard hits you with a dagger.
You slash the orc wizard!
You kill the orc wizard!
You have reached level 6!
Your experience leads to an increase in your attributes!
Increase (S)trength, (I)ntelligence, or (D)exterity?
You feel stronger.
Your demonic ancestry asserts itself...
A pair of antennae grows on your head!
An orc wizard comes into view. It is wielding a dagger.
MP restored: 6 Unknown command.
You closely miss the orc priest.
The orc priest looks satisfied for a moment.
The orc priest closely misses you.
The orc shouts!
You puncture the orc priest!
The orc priest is severely wounded.
The orc priest is struck by your spines.
You kill the orc priest!
The orc priest hits you from afar with a trident.
The orc wizard gestures wildly while chanting.
The orc wizard seems to speed up. 2 orcs come into view.
You take 4 damage, and have 26/47 hp.
The jackal is struck by your spines.
You kill the jackal!
The orc priest is struck by your spines.
The orc priest hits you with a trident.
* * * LOW HITPOINT WARNING * * *
The adder misses you.
Items here: )) [[[ †† You take 5 damage, and have 21/47 hp.
You closely miss the orc priest.
The orc priest is heavily wounded.
The adder is struck by your spines. The adder barely misses you.
The orc priest is struck by your spines.
The orc priest completely misses you.
Unknown command.
The orc shouts! x2
You puncture the orc priest!
You kill the orc priest!
The adder bites you.
* * * LOW HITPOINT WARNING * * *
The adder is struck by your spines.
You kill the adder!
The worker ant closely misses you.
You take 2 damage, and have 19/47 hp.
The jackal is struck by your spines.
You kill the jackal!
The orc throws a tomahawk.
The tomahawk hits you but does no damage.
The orc wizard casts a spell at you.
You are confused.
The orc wizard is struck by your spines.
The orc wizard hits you but does no damage.
The worker ant misses you.
Things that are here:
a tomahawk; an adder corpse; a jackal corpse You miss the worker ant.
The orc wizard hits you but does no damage.
The worker ant is struck by your spines.
The worker ant bites you.
* * * LOW HITPOINT WARNING * * *
You are poisoned.
The worker ant poisons you!
The orc wizard is struck by your spines.
The orc wizard hits you with a dagger.
* * * LOW HITPOINT WARNING * * *
The orc closely misses you. The orc wizard completely misses you.
You take 8 damage, and have 11/47 hp.
Unknown command.
It was a potion of flight.
You feel very buoyant.
You fly up into the air.
You feel sick.
The worker ant is struck by your spines.
The worker ant bites you!
* * * LOW HITPOINT WARNING * * *
The orc wizard closely misses you. The orc wizard casts a spell at you.
The magic dart hits you!
You die...

█ . █ ███ ..██████
█████. █......████
█......
██████...>███████oo.....
████......[@oo.....
████████aoo.....
█Zh...... █........
█........ ██.......
█......


██████ You could see a worker ant, 2 orc wizards, 4 orcs, a jackal and a howler
monkey skeleton.

Vanquished Creatures
  A bullfrog skeleton (D:4)
  2 orc wizards (D:4)
  3 orc priests
  4 gnolls
  7 adders
  An ooze (D:4)
  A dart slug (D:1)
  A leopard gecko (D:2)
  5 orcs (D:3)
  5 bats
  5 giant cockroaches
  8 goblins
  8 hobgoblins
  8 jackals
  2 ball pythons
  11 kobolds
  7 rats
79 creatures vanquished.

Notes
Turn   | Place    | Note
-------+----------+-------------------------------------------
     0 | D:1      | Goblin1989 the Demonspawn Monk began the quest for the Orb.
     0 | D:1      | Reached XP level 1. HP: 18/18 MP: 1/1
   215 | D:1      | Reached skill level 3 in Polearms
   395 | D:1      | Gained mutation: You are partially covered in sharp spines. [demonic ancestry]
   395 | D:1      | Reached XP level 2. HP: 7/24 MP: 2/2
  1131 | D:1      | Reached XP level 3. HP: 29/29 MP: 3/3
  1758 | D:1      | Reached skill level 4 in Polearms
  2026 | D:2      | Reached XP level 4. HP: 26/35 MP: 4/4
  2161 | D:2      | Found a deep blue altar of Sif Muna.
  2574 | D:2      | Reached skill level 5 in Polearms
  2855 | D:3      | Found an iron altar of Okawaru.
  2914 | D:3      | Found a sacrificial altar of Ru.
  3069 | D:3      | Found a hide-covered altar of Uskayaw.
  3070 | D:3      | Noticed a dagger
  3071 | D:3      | Noticed a dagger
  3092 | D:3      | Gained mutation: You are mostly covered in sharp spines. [demonic ancestry]
  3092 | D:3      | Reached XP level 5. HP: 41/41 MP: 5/5
  3741 | D:4      | Reached skill level 6 in Polearms
  3774 | D:4      | Gained mutation: You have a pair of small antennae on your head. [demonic ancestry]
  3774 | D:4      | Reached XP level 6. HP: 29/47 MP: 6/6
  3782 | D:4      | Killed from afar by an orc wizard

Vault maps used:
D:1:      dpeg_arrival_solitude
D:2:      led_sif_pool, minmay_misc_feat_square
D:3:      kennysheep_big_flooded_room, dancing_weapons_uskayaw,
          grunt_temple_overflow_open
D:4:      led_xom_imps, first_bread

Skill      XL: |  1  2  3  4  5 |
---------------+----------------+-----
Polearms       | 3 4 5 6 |  6.6
Fighting       | |  3.0
Dodging        | |  2.6
Stealth        | |  1.7

Action                   |  1- 3 |  4- 6 || total
-------------------------+-------+-------++-------
Melee: Spear             |   139 |    28 ||   167
       Halberd           |       |    65 ||    65
  Use: Potion            |       |     1 ||     1
 Stab: Sleeping          |     3 |     2 ||     5
       Distracted        |     2 |       ||     2
  Eat: Chunk             |     4 |     5 ||     9
Armor: Robe              |    17 |    13 ||    30
Dodge: Dodged            |    55 |    45 ||   100

Vault maps used:
D:1:      dpeg_arrival_solitude
D:2:      led_sif_pool, minmay_misc_feat_square
D:3:      kennysheep_big_flooded_room, dancing_weapons_uskayaw,
          grunt_temple_overflow_open
D:4:      led_xom_imps, first_bread
